Map: New Repugnancy LE

Players

LiquidTLO (TLO) - Winner!

  • Race: Zerg Zerg
  • League: Grandmaster
  • Spawn Location: 1:00

SouLeer

  • Race: Zerg Zerg
  • League: Master
  • Spawn Location: 7:00

Event: HomeStory Cup XIX

VOD

Have the link to the VOD?

Description

Time

  • Played on: June 27, 2019, 1:10 p.m.
  • Length: 5:43

All games in this series

Show
View Real Time Build Order
Export as new Build Order

LiquidTLO Zerg - Winner!

Build Orders: Hatch First 

Get SALT Encoding   

  12  0:00  Drone  
  13  0:12  Overlord  
  13  0:17  Drone  
  14  0:32  Drone x2  
  16  0:49  Hatchery  
  15  0:52  Drone  
  15  0:55  Drone  
  17  1:10  Spawning Pool  
  16  1:12  Drone  
  16  1:15  Drone  
  18  1:19  Extractor  
  18  1:21  Drone  
  18  1:28  Drone  
  19  1:38  Overlord  
  19  1:50  Drone  
  20  1:56  Queen  
  20  2:01  Zergling x2, Queen  
  23  2:02  Drone  
  26  2:10  Zergling x2  
  26  2:12  Zergling x2  
  28  2:21  Zergling x2  
  28  2:22  Metabolic Boost  
  29  2:25  Drone  
  30  2:33  Queen  
  31  2:39  Overlord  
  31  2:50  Baneling Nest  
  29  2:51  Overlord  
  29  2:58  Zergling x6  
  31  3:01  Zergling x2  
  31  3:04  Zergling x2  
  34  3:13  Zergling x2  
  34  3:16  Spine Crawler  
  34  3:19  Zergling x2  
  35  3:21  Zergling x2  
  35  3:25  Zergling x2  
  34  3:32  Zergling x2  
  33  3:35  Zergling x2  
  33  3:38  Zergling x2  
  33  3:42  Drone  
  33  3:43  Drone  
  33  3:46  Zergling x4  
  33  3:48  Zergling x2  
  39  3:53  Zergling x2  
  40  3:57  Baneling x2  
  40  3:58  Baneling  
  40  4:00  Baneling, Zergling x2  
  41  4:04  Zergling x2  
  41  4:06  Drone  
  43  4:13  Zergling x4  
  44  4:18  Zergling x2  
  44  4:20  Baneling x2  
  45  4:26  Drone x2  
  45  4:37  Queen  
  46  4:43  Queen  
  47  4:46  Evolution Chamber  
  47  4:48  Evolution Chamber  
  47  4:49  Baneling  
  45  4:53  Zergling x2  
  45  4:58  Zergling x2  
  45  5:01  Overlord  
  44  5:11  Zergling x2  
  44  5:13  Baneling  
  45  5:19  Zergling x2  
  45  5:20  Zergling x2  
  46  5:23  Zergling x2  
Show
View Real Time Build Order
Export as new Build Order

SouLeer Zerg 

Build Orders: Pool First 

Get SALT Encoding   

  12  0:01  Drone  
  13  0:12  Overlord  
  13  0:17  Drone  
  14  0:30  Drone x2  
  16  0:41  Spawning Pool  
  15  0:47  Drone, Extractor  
  15  0:51  Drone  
  16  1:15  Hatchery  
  15  1:28  Zergling x6  
  18  1:39  Queen  
  20  1:44  Zergling x2  
  21  1:51  Metabolic Boost  
  21  1:59  Overlord  
  21  2:03  Zergling x2  
  22  2:18  Zergling x2  
  23  2:23  Zergling x2  
  23  2:25  Queen  
  23  2:28  Zergling x2  
  27  2:35  Zergling x2  
  28  2:39  Zergling x2  
  28  2:45  Zergling x2  
  28  2:48  Zergling x4  
  28  2:49  Zergling x4  
  32  2:56  Overlord  
  32  3:14  Zergling x4  
  32  3:15  Zergling x2  
  32  3:18  Zergling x2  
  36  3:24  Zergling x2  
  34  3:28  Zergling x2  
  34  3:30  Overlord  
  34  3:39  Zergling x2  
  34  3:40  Zergling x6  
  35  3:43  Zergling x2  
  35  3:47  Overlord  
  35  3:56  Zergling x2  
  35  3:57  Zergling x2  
  37  4:03  Zergling x4  
  37  4:08  Zergling x2  
  40  4:12  Zergling x4  
  42  4:19  Zergling x4  
  42  4:23  Zergling x2  
  44  4:29  Zergling x4  
  44  4:32  Zergling x2  
  41  4:40  Zergling x4  
  43  4:54  Zergling x8  
  43  4:57  Zergling x2  
  46  5:02  Zergling x2  
  46  5:05  Zergling x2  
  46  5:11  Zergling x4  
  36  5:22  Zergling x6  
  36  5:26  Zergling x2  
Tags
 
Add a new tag
Caveats
  • Supply blocks, unpowered buildings, or Contaminate may cause inaccurate times.
  • Supply counts are checked every 10 seconds.